Map: Celestial Enclave LE

Players

Gonciar

  • Race: Terran Terran
  • League: Silver
  • Spawn Location: 7:00

SCIInewby - Winner!

  • Race: Zerg Zerg
  • League: Master
  • Spawn Location: 1:00

VOD

Have the link to the VOD?

Description

Time

  • Played on: Feb. 11, 2026, 12:32 p.m.
  • Length: 14:30
Show
View Real Time Build Order
Export as new Build Order

Gonciar Terran 

Build Orders:  

Get SALT Encoding   

  12  0:09  SCV  
  14  0:21  SCV  
  14  0:25  Supply Depot  
  14  0:33  SCV  
  15  0:42  Engineering Bay  
  15  0:46  SCV  
  15  0:49  Supply Depot  
  16  0:58  SCV  
  17  1:10  SCV  
  18  1:12  Barracks  
  18  1:23  SCV  
  19  1:45  SCV  
  20  1:51  Command Center  
  20  1:52  Refinery  
  20  1:56  Refinery  
  20  1:57  SCV  
  21  2:11  Missile Turret  
  21  2:15  SCV  
  22  2:27  SCV  
  22  2:28  Marine  
  24  2:39  SCV  
  25  2:46  Marine  
  26  2:51  SCV  
  27  3:03  SCV, Marine  
  29  3:10  Factory  
  29  3:15  SCV  
  30  3:21  Marine  
  30  3:22  Planetary Fortress  
  31  3:27  SCV  
  32  3:39  Marine, SCV  
  34  3:48  Sensor Tower  
  34  3:52  SCV  
  35  3:57  Marine  
  36  4:04  SCV  
  37  4:10  Command Center  
  37  4:15  Marine  
  38  4:17  Orbital Command  
  38  4:20  Factory Tech Lab  
  38  4:23  SCV  
  39  4:32  Marine  
  39  4:36  SCV  
  41  4:41  Siege Tank  
  44  4:48  SCV  
  44  4:50  Marine  
  46  4:58  SCV  
  47  5:00  SCV  
  48  5:10  SCV  
  48  5:11  Refinery  
  48  5:12  SCV  
  50  5:19  Missile Turret  
  50  5:22  SCV  
  50  5:24  SCV  
  52  5:34  Siege Tank  
  55  5:36  SCV  
  56  5:47  Orbital Command  
  56  5:50  Starport  
  56  5:59  SCV  
  56  6:02  SCV  
  58  6:11  SCV  
  58  6:12  Refinery  
  58  6:14  SCV  
  60  6:23  Missile Turret, SCV  
  61  6:26  Barracks Tech Lab, SCV  
  61  6:28  Starport  
  61  6:29  Mag-Field Accelerator  
  62  6:35  SCV  
  62  6:39  SCV, Refinery  
  64  6:43  Missile Turret  
  64  6:47  Stimpack, SCV  
  64  6:51  SCV  
  66  6:57  Starport Tech Lab  
  66  7:03  SCV, Missile Turret  
  67  7:10  Armory  
  67  7:20  Missile Turret  
  67  7:40  Cloaking Field  
  67  7:44  Starport Tech Lab  
  67  7:45  Marauder  
  67  7:48  Missile Turret, Siege Tank  
  72  7:54  Terran Infantry Weapons Level 1  
  72  7:57  SCV  
  73  8:06  Marauder  
  73  8:08  Infernal Pre-Igniter  
  73  8:09  SCV  
  73  8:10  Missile Turret  
  76  8:17  Hyperflight Rotors  
  76  8:21  SCV  
  76  8:26  Combat Shield  
  77  8:29  Terran Ship Weapons Level 1  
  77  8:30  Missile Turret  
  77  8:54  Missile Turret  
  77  9:14  Missile Turret  
  77  9:26  SCV  
  77  9:27  Supply Depot, Banshee  
  77  9:29  Supply Depot, Marauder  
  77  9:30  Supply Depot x2  
  76  9:31  Siege Tank  
  76  9:34  Banshee  
  76  9:37  Missile Turret  
  76  9:38  SCV  
  72  9:50  Supply Depot  
  72  9:51  Marauder, SCV  
  73  9:55  Supply Depot  
  73  9:57  Missile Turret  
  71  10:03  SCV  
  73  10:10  Banshee  
  73  10:13  Refinery  
  73  10:15  Refinery, SCV  
  73  10:17  Banshee  
  70  10:23  Terran Vehicle And Ship Armor Level 1  
  59  10:42  Barracks  
  53  10:44  Barracks  
  53  10:45  Barracks  
  53  10:48  Supply Depot  
  52  10:50  Supply Depot  
  52  10:51  Supply Depot  
  52  10:53  Banshee  
  45  11:00  Banshee  
  41  11:14  Supply Depot  
  41  11:15  Supply Depot  
  41  11:19  Supply Depot  
  40  12:14  Marine  
  40  12:15  Factory  
  38  12:19  Marine x2  
  40  12:32  Marine  
  40  12:37  Marine x2  
  28  12:47  Engineering Bay  
  28  12:49  Marine  
  29  12:54  Marine  
  29  12:55  Marine  
  29  12:58  SCV  
  32  13:07  Marine  
  32  13:10  SCV  
  32  13:12  Marine  
  35  13:13  Marine  
  36  13:21  Missile Turret  
  36  13:22  Missile Turret, SCV  
  36  13:25  Marine  
  36  13:26  Factory Tech Lab  
  38  13:30  Marine x2  
  40  13:34  SCV  
  41  13:41  Missile Turret  
  41  13:43  Missile Turret  
  41  13:46  SCV  
  31  13:58  SCV  
  27  14:04  Missile Turret  
  27  14:07  Marine x2  
Show
View Real Time Build Order
Export as new Build Order

SCIInewby Zerg - Winner!

Build Orders: Pool First 

Get SALT Encoding   

  12  0:00  Drone  
  13  0:13  Overlord  
  13  0:19  Drone  
  14  0:36  Spawning Pool  
  14  0:38  Drone  
  14  0:42  Drone  
  15  0:47  Drone  
  16  0:50  Extractor  
  16  0:52  Drone  
  16  1:05  Drone  
  17  1:13  Drone  
  18  1:24  Drone  
  19  1:33  Drone  
  19  1:38  Hatchery  
  19  1:43  Drone  
  20  1:52  Roach Warren  
  19  1:58  Queen  
  21  2:01  Drone  
  22  2:10  Evolution Chamber  
  22  2:14  Metabolic Boost  
  21  2:18  Drone  
  22  2:26  Extractor  
  22  2:27  Overlord  
  21  2:43  Zergling x2  
  22  2:45  Queen  
  22  2:46  Zergling x2  
  25  2:53  Zerg Melee Weapons Level 1  
  25  2:56  Drone  
  26  2:59  Drone  
  26  3:03  Drone  
  28  3:09  Drone  
  28  3:10  Drone  
  31  3:12  Drone  
  31  3:23  Roach  
  31  3:24  Roach  
  35  3:36  Drone  
  35  3:39  Overlord x2  
  34  3:56  Drone  
  34  3:57  Drone x4  
  34  3:58  Drone  
  40  4:12  Lair  
  40  4:20  Drone  
  40  4:21  Drone x2  
  43  4:24  Extractor  
  43  4:25  Drone  
  43  4:26  Extractor  
  43  4:27  Drone  
  43  4:30  Drone  
  44  4:33  Drone  
  44  4:34  Drone  
  46  4:41  Queen  
  48  4:47  Zerg Ground Armor Level 1  
  48  4:54  Drone  
  48  4:56  Roach  
  48  4:58  Hatchery  
  48  4:59  Zergling x2  
  52  5:00  Zergling x2  
  52  5:21  Overlord x4  
  52  5:43  Spire  
  52  5:47  Spore Crawler  
  52  5:49  Drone x2  
  53  5:50  Drone x3  
  53  5:51  Drone  
  53  5:52  Spore Crawler  
  53  5:53  Drone x2  
  53  5:54  Drone  
  53  5:55  Drone  
  59  5:58  Overseer  
  59  6:00  Overseer  
  59  6:06  Roach x2  
  59  6:09  Roach  
  65  6:13  Roach  
  65  6:15  Drone  
  65  6:16  Drone  
  65  6:18  Drone  
  70  6:33  Drone x7  
  70  6:34  Drone x2  
  79  6:41  Zerg Missile Weapons Level 1  
  79  6:48  Zergling x6  
  79  6:49  Zergling x6  
  85  7:00  Infestation Pit  
  83  7:16  Extractor  
  83  7:18  Drone x3, Extractor  
  83  7:19  Drone  
  85  7:27  Roach x2  
  85  7:28  Overlord x4  
  85  7:29  Overlord x3  
  89  7:30  Overlord x3  
  89  7:35  Zerg Flyer Weapons Level 1  
  89  7:36  Glial Reconstitution  
  127  8:35  Zerg Melee Weapons Level 2  
  126  8:46  Roach x13  
  126  8:47  Roach x5  
  158  8:53  Burrow  
  158  9:00  Swarm Host  
  158  9:02  Overlord x2  
  167  9:12  Overseer  
  167  9:15  Hive  
  157  9:53  Roach x11  
  157  9:54  Roach x4  
  173  10:46  Roach x27  
  171  10:50  Zerg Ground Armor Level 2  
  171  10:56  Overlord x10  
  171  10:57  Overlord x4  
  152  11:23  Mutalisk  
  152  11:24  Mutalisk x6  
  148  11:39  Mutalisk x2  
  138  11:40  Mutalisk  
  138  11:53  Corruptor  
  138  11:54  Corruptor x4  
  132  12:00  Mutalisk  
  134  12:06  Overseer x3  
  134  12:14  Mutalisk x5  
  144  12:19  Mutalisk  
  146  12:29  Overseer  
  146  12:30  Overseer  
  146  12:36  Drone  
  146  12:37  Drone x6  
  152  13:02  Hatchery  
  149  13:43  Roach  
  149  13:44  Roach x13  
  149  13:45  Roach x5  
Tags
 
Matchup
TvZ
Opening
Pool First
Replay Pack
vannon
Spawn Locations
Cross Positions
Add a new tag
Caveats
  • Supply blocks, unpowered buildings, or Contaminate may cause inaccurate times.
  • Supply counts are checked every 10 seconds.